 Dungeon Crawl Stone Soup version 0.28.0-47-ge53b351184 (webtiles) character file.

Game seed: 6260482589730742807

18186 winsomniak the Fighter (level 12, -1/88 HPs)
             Began as a Demonspawn Chaos Knight on May 1, 2022.
             Was a Plaything of Xom.
             Slain by a cane toad (3 damage)
             ... on level 4 of the Lair of Beasts on May 2, 2022.
             The game lasted 01:45:13 (12058 turns).

winsomniak the Fighter (Demonspawn Chaos Knight)   Turns: 12058, Time: 01:45:14

Health: -1/88      AC: 23    Str: 16    XL:     12   Next: 25%
Magic:  21/21      EV: 13    Int: 15    God:    Xom [..*...]
Gold:   522        SH:  0    Dex:  9    Spells: 19/23 levels left

rFire   + . .      SeeInvis .   f - +7 short sword of Res Nullius {pain, rF+ rC+}
rCold   + . .      Faith    .   (no shield)
rNeg    . . .      Spirit   .   M - +0 acid dragon scales
rPois   .          Reflect  .   k - +0 helmet
rElec   .          Harm     .   o - +2 cloak {Stlth+}
rCorr   +          Rampage  .   b - +0 pair of gloves
Will    +....                   (boots unavailable)
Stlth   ++........              (no amulet)
HPRegen 0.24/turn               l - +4 ring of protection
MPRegen 0.17/turn               H - ring of willpower

@: confused, lethally poisoned (-1 -> -12), ambrosia-drunk, sanguine armoured,
studying Stealth
A: hooves 3, ignite blood 1, sanguine armour 1, clumsy 2, deterioration 1, frail
1, passive freeze, screaming 1, inability to read while threatened, MP-powered
wands
a: Renounce Religion


You were on level 4 of the Lair of Beasts.
You worshipped Xom.
You were a toy of Xom.
You visited 3 branches of the dungeon, and saw 14 of its levels.

You collected 522 gold pieces.

Inventory:

Hand Weapons
 f - the +7 short sword of Res Nullius (weapon) {pain, rF+ rC+}
   (You found it on level 2 of the Dungeon)

   In the hands of one skilled in necromantic magic, it inflicts extra damage on
   living creatures.
   rF:        It protects you from fire.
   rC:        It protects you from cold.
 F - a +4 scimitar of chaos
Missiles
 q - 6 atropa-tipped darts (quivered)
 r - 5 throwing nets
 t - 11 javelins
 D - 146 arrows
 I - 5 poisoned darts
Armour
 b - a +0 pair of gloves (worn)
 k - a +0 helmet (worn)
 o - a +2 cloak of stealth (worn)
 B - a +0 plate armour of positive energy
 M - +0 acid dragon scales (worn)
Magical Staves
 G - a staff of poison
Jewellery
 l - a +4 ring of protection (left hand)
 H - a ring of willpower (right hand)
Wands
 n - a wand of iceblast (1)
 s - a wand of paralysis (5)
 w - a wand of mindburst (16)
 x - a wand of acid (7)
 K - a wand of charming (7)
Scrolls
 d - 4 scrolls of teleportation
 e - a scroll of fear {unknown}
 j - 3 scrolls of blinking
 p - a scroll of noise
 v - 4 scrolls of enchant weapon
 y - a scroll of vulnerability
 z - 2 scrolls of holy word
 C - 2 scrolls of amnesia
 L - a scroll of identify
Potions
 a - a potion of brilliance {unknown}
 c - a potion of lignification {unknown}
 g - 4 potions of flight
 i - 5 potions of attraction
 E - 2 potions of haste
 J - a potion of heal wounds {unknown}
Miscellaneous
 h - a condenser vane
 u - a phial of floods


   Skills:
 * Level 10.5 Fighting
 + Level 6.2(6.6) Short Blades
 - Level 2.9(5.0) Long Blades
 + Level 6.8 Armour
 + Level 6.4 Dodging
 + Level 10.1 Stealth
 - Level 6.0 Spellcasting
 + Level 5.4 Necromancy
 + Level 0.1 Translocations
 * Level 5.8 Evocations


You had 19 spell levels left.
You knew the following spells:

 Your Spells              Type           Power      Damage    Failure   Level
a - Pain                  Necr           80%        1d8       1%          1
b - Teleport Other        Tloc           4%         N/A       50%         3

Your spell library contained the following spells:

 Spells                   Type           Power      Damage    Failure   Level
 Foxfire                  Conj/Fire      16%        2x1d4     19%         1
 Ensorcelled Hibernation  Hex/Ice        8%         N/A       28%         2
 Passwall                 Tmut/Erth      3%         N/A       28%         2
 Conjure Flame            Conj/Fire      4%         6-21      50%         3
 Gell's Gravitas          Tloc           4%         N/A       50%         3
 Inner Flame              Hex/Fire       4%         N/A       50%         3
 Spider Form              Tmut/Pois      4%         N/A       50%         3
 Swiftness                Air            4%         N/A       50%         3
 Tukima's Dance           Hex            4%         N/A       50%         3
 Agony                    Necr           20%        N/A       50%         5
 Excruciating Wounds      Necr           10%        N/A       50%         5
 Anguish                  Hex/Necr       6%         N/A       54%         4
 Flame Wave               Conj/Fire      4%         2d5       88%         4
 Passage of Golubria      Tloc           4%         N/A       88%         4
 Yara's Violent Unravell  Hex/Tmut       2%         3d3       99%         5
 Dispersal                Tloc           2%         N/A       100%        6


Dungeon Overview and Level Annotations

Branches:
Dungeon (9/15)             Temple (1/1) D:4            Lair (4/6) D:9
  Swamp (0/4) Lair:2        Snake (0/4) Lair:4
    Orc: D:9-12

Altars:
Ashenzari
Cheibriados
Dithmenos
Elyvilon
Fedhas
Gozag
Hepliaklqana
Kikubaaqudgha
Makhleb
Nemelex Xobeh
Okawaru
Qazlal
Ru
Sif Muna
Trog
Uskayaw
Vehumet
Wu Jian
Xom
Yredelemnul
Zin
The Shining One

Shops:
D:8 ?[?((   D:9 (


Innate Abilities, Weirdness & Mutations

You have hooves in place of feet.
Your demonic aura sometimes causes spilled blood to erupt in flames.
When seriously injured, your blood forms armour. (AC +6)
You are very clumsy. (Dex -4)
Your body sometimes deteriorates upon taking damage.
You are frail. (-10% HP)
A frigid envelope surrounds you and freezes all who hurt you.
You occasionally shout uncontrollably at your foes.
You sometimes lose the ability to read scrolls when taking damage.
You expend magic power (3 MP) to strengthen your wands.


Message History

* * * LOW HITPOINT WARNING * * *
You are more poisoned.
The cane toad poisons you!
The cane toad is very cold.
The cane toad seems to slow down.
The cane toad is moderately wounded.
You are confused.
You feel invigorated.
You can read scrolls again.
* * * LOW HITPOINT WARNING * * *
You feel extremely sick. The water moccasin misses you.
The water moccasin bites you but does no damage.
The water moccasin is very cold.
The water moccasin is almost dead.
You closely miss the cane toad.
You kick the cane toad, but do no damage.
The cane toad is moderately wounded.
* * * LOW HITPOINT WARNING * * *
You feel very sick.
Your crimson imp closely misses the cane toad.
The water moccasin closely misses you. The cane toad closely misses you.
You bump into the rock wall.
* * * LOW HITPOINT WARNING * * *
You feel very sick.
The water moccasin bites you but does no damage.
The water moccasin is very cold.
The water moccasin seems to slow down.
The water moccasin is almost dead.
Your crimson imp closely misses the cane toad.
The cane toad closely misses you.
The water moccasin closely misses your crimson imp.
It was a potion of magic.
Magic courses through your body.
* * * LOW HITPOINT WARNING * * *
You feel very sick.
The water moccasin bites you but does no damage.
The water moccasin is very cold.
You kill the water moccasin!
Your crimson imp barely misses the cane toad.
The cane toad stings you.
You die...
Xom cackles wildly!

### ##.######
##@#..##.####
#FFF........##
##.S5......>..#
#.............#
#P..............#
##.............#.#
#..............##
#.............###
#.............#


You could see 3 cane toads, a water moccasin and a friendly crimson imp
(summoned).

Vanquished Creatures
  A hydra (Lair:2)
  Harold (D:7)
  A catoblepas (Lair:2)
  A skeletal warrior (D:8)
  4 elephants
  2 black mambas
  6 cane toads
  An efreet (D:8)
  3 rime drakes
  6 komodo dragons
  A troll (D:5)
  A polar bear (Lair:3)
  A slime creature (D:8)
  3 blink frogs (Lair:1)
  3 wyverns
  A basilisk (shapeshifter) (D:4)
  10 yaks
  2 basilisks
  3 steam dragons
  2 acid dragons
  7 water moccasins
  A swamp drake (D:8)
  6 orc warriors
  3 hornet zombies (D:8)
  2 black bears (D:5)
  A necrophage (D:6)
  A sky beast (D:4)
  2 ogres (D:5)
  A wolf (D:4)
  3 centaurs
  3 phantoms
  5 bullfrogs
  7 scorpions
  A water moccasin skeleton (D:6)
  13 killer bees
  A howler monkey (D:4)
  3 wights (D:8)
  4 orc priests
  A centaur zombie (D:8)
  A jelly (D:4)
  A bullfrog skeleton (D:7)
  A centaur skeleton (D:5)
  2 hounds
  6 iguanas
  5 orc wizards
  A killer bee zombie (D:7)
  A hound skeleton (D:4)
  2 howler monkey zombies
  4 adders
  4 gnolls
  A howler monkey skeleton (D:6)
  A river rat (D:7)
  A shadow imp (D:5)
  2 white imps
  2 ufetubi
  2 worms
  A dart slug (D:2)
  36 orcs
  7 endoplasms
  5 giant cockroaches
  3 goblins
  5 hobgoblins
  3 jackals (D:2)
  3 kobolds
  2 quokkas
  7 ball pythons
  4 bats
  3 frilled lizards
  4 rats
238 creatures vanquished.

Vanquished Creatures (collateral kills)
  An elephant (Lair:2)
  An orc warrior (D:7)
  An ice beast (D:5)
  A scorpion (D:5)
  2 orc wizards (D:3)
  An orc (D:3)
7 creatures vanquished.

Vanquished Creatures (others)
  2 killer bees (D:7)
  Crazy Yiuf (D:2)
  An orc wizard (D:7)
  8 fungi
  11 plants
23 creatures vanquished.

Grand Total: 268 creatures vanquished

Notes
Turn   | Place    | Note
-------+----------+-------------------------------------------
     0 | D:1      | winsomniak the Demonspawn Chaos Knight began the quest for
                  | the Orb.
     0 | D:1      | Reached XP level 1. HP: 18/18 MP: 1/1
   229 | D:1      | Reached skill level 1 in Dodging
   325 | D:1      | Gained mutation: You have large cloven feet. [demonic
                  | ancestry]
   325 | D:1      | Reached XP level 2. HP: 23/24 MP: 2/2
   427 | D:1      | XOM: 2-stop teleportation journey
   543 | D:1      | XOM: summons 2 hostile demons
   544 | D:1      | Noticed an ice devil
   565 | D:2      | Identified the +7 short sword of Res Nullius {pain, rF+
                  | rC+}
   574 | D:2      | XOM: summons 1 hostile demon
   576 | D:2      | XOM: enchant monster (bad)
   619 | D:1      | XOM: 3-stop teleportation journey
   929 | D:1      | XOM: cloud trail
   965 | D:2      | XOM: cast spell 'Alistair's Intoxication'
   989 | D:2      | XOM: snakes to sticks
   993 | D:2      | Gained mutation: When seriously injured, your blood forms
                  | armour. (AC +6) [demonic ancestry]
   993 | D:2      | Reached XP level 3. HP: 28/29 MP: 3/3
  1015 | D:2      | XOM: smoke on damage
  1030 | D:2      | Reached skill level 1 in Spellcasting
  1034 | D:2      | XOM: give mutations
  1034 | D:2      | Gained mutation: Your spells are a little harder to cast,
                  | but a little more powerful. [Xom's grace]
  1034 | D:2      | Gained mutation: Your muscles are strong. (Str +2) [Xom's
                  | grace]
  1040 | D:2      | Reached skill level 1 in Stealth
  1121 | D:2      | XOM: 2-stop teleportation journey
  1155 | D:2      | XOM: divination: detect creatures
  1156 | D:2      | Reached XP level 4. HP: 28/35 MP: 5/5
  1235 | D:2      | Found a runed translucent door.
  1236 | D:2      | Noticed Crazy Yiuf
  1272 | D:2      | Killed Crazy Yiuf
  1272 | D:2      | XOM: destruction
  1438 | D:2      | XOM: give mutations
  1438 | D:2      | Gained mutation: You are robust. (+10% HP) [Xom's grace]
  1438 | D:2      | Gained mutation: Your movements are slightly less
                  | encumbered by armour. (ER -2) [Xom's grace]
  1606 | D:3      | XOM: summons 4 friendly demons
  1631 | D:3      | Reached XP level 5. HP: 34/46 MP: 5/7
  1706 | D:3      | Found a faded altar of an unknown god.
  1854 | D:3      | Reached skill level 1 in Short Blades
  1863 | D:3      | XOM: summons 3 hostile demons
  2006 | D:3      | Reached skill level 1 in Necromancy
  2039 | D:3      | XOM: 2-stop teleportation journey
  2286 | D:3      | XOM: silly message
  2401 | D:4      | Noticed a phantom
  2411 | D:4      | XOM: fog
  2535 | D:4      | Killed a phantom
  2536 | D:4      | Gained mutation: You have hoof-like feet. [demonic
                  | ancestry]
  2536 | D:4      | Reached XP level 6. HP: 53/53 MP: 8/8
  2583 | D:4      | Noticed a sky beast
  2593 | D:4      | XOM: polymorph hound -> wolf
  2598 | D:4      | Killed a sky beast
  2622 | D:4      | Gained mutation: Your demonic aura sometimes causes spilled
                  | blood to erupt in flames. [demonic ancestry]
  2622 | D:4      | Reached XP level 7. HP: 19/60 MP: 10/10
  2844 | D:4      | XOM: enchant monster (bad)
  3014 | D:4      | Found a sparkling altar of Nemelex Xobeh.
  3014 | D:4      | Found a shadowy altar of Dithmenos.
  3014 | D:4      | Found a blossoming altar of Fedhas.
  3018 | D:4      | Found a snail-covered altar of Cheibriados.
  3020 | D:4      | Found an ornate altar of the Wu Jian Council.
  3021 | D:4      | Found a hide-covered altar of Uskayaw.
  3358 | D:4      | Noticed a shapeshifter
  3358 | D:4      | XOM: polymorph something unseen -> shapeshifter
  3358 | D:4      | Noticed a basilisk
  3358 | D:4      | a shapeshifter changed into a basilisk
  3361 | D:4      | Killed a basilisk
  3361 | D:4      | XOM: god gift: pair of boots {god gift}
  3362 | D:4      | Reached skill level 5 in Fighting
  3362 | D:4      | Found a staircase to the Ecumenical Temple.
  3375 | Temple   | Entered the Ecumenical Temple
  3641 | D:5      | Entered Level 5 of the Dungeon
  3705 | D:5      | XOM: summons 7 friendly demons
  3715 | D:5      | Reached XP level 8. HP: 69/69 MP: 10/12
  3744 | D:5      | XOM: 10-stop teleportation journey
  3925 | D:5      | Noticed a troll
  3944 | D:5      | XOM: summons 3 friendly demons
  3954 | D:5      | XOM: confusion
  3957 | D:5      | XOM: divination: detect items
  3963 | D:5      | XOM: summons 5 hostile demons
  4042 | D:5      | Killed a troll
  4280 | D:5      | Found a bloodstained altar of Trog.
  4281 | D:5      | XOM: 1-stop teleportation journey
  4531 | D:5      | XOM: 1-stop teleportation journey
  4935 | D:5      | XOM: give mutation
  4935 | D:5      | Gained mutation: You sometimes lose the ability to read
                  | scrolls when taking damage. [Xom's mischief]
  4987 | D:5      | XOM is BORED!
  4987 | D:5      | XOM: summons 2 hostile demons
  5401 | D:6      | Gained mutation: You have hooves in place of feet. [demonic
                  | ancestry]
  5401 | D:6      | Reached XP level 9. HP: 73/78 MP: 14/14
  5487 | D:6      | XOM: smoke on damage
  5517 | D:6      | XOM: enchant monster (good)
  5561 | D:6      | XOM: give mutations
  5561 | D:6      | Gained mutation: Your spells are harder to cast, but more
                  | powerful. [Xom's grace]
  5561 | D:6      | Gained mutation: You expend magic power (3 MP) to
                  | strengthen your wands. [Xom's grace]
  5561 | D:6      | Gained mutation: You are agile. (Dex +2) [Xom's grace]
  5717 | D:6      | XOM: give mutations
  5717 | D:6      | Lost mutation: You expend magic power (3 MP) to strengthen
                  | your wands. [Xom's mischief]
  5717 | D:6      | Gained mutation: A frigid envelope surrounds you and
                  | freezes all who hurt you. [Xom's mischief]
  5717 | D:6      | Gained mutation: You expend magic power (3 MP) to
                  | strengthen your wands. [Xom's mischief]
  5717 | D:6      | Lost mutation: You are robust. (+10% HP) [Xom's mischief]
  5781 | D:6      | XOM: divination: detect creatures
  5920 | D:6      | XOM: god gift: scroll labelled LULYDO NETH {god gift}
  5922 | D:6      | Identified a scroll of acquirement
  5922 | D:6      | Acquired a manual of Stealth
  6096 | D:6      | XOM: give mutation
  6096 | D:6      | Gained mutation: Your natural rate of healing is unusually
                  | fast. [Xom's grace]
  6157 | D:7      | Noticed Harold
  6173 | D:7      | XOM: destruction
  6184 | D:7      | XOM: enchant monster (good)
  6188 | D:7      | Killed Harold
  6189 | D:7      | Reached skill level 5 in Stealth
  6236 | D:7      | XOM: enchant monster (good)
  6302 | D:7      | Found an ancient bone altar of Kikubaaqudgha.
  6305 | D:7      | Found an iron altar of Okawaru.
  6310 | D:7      | Found a stormy altar of Qazlal.
  6313 | D:7      | Found a broken altar of Ashenzari.
  6315 | D:7      | Found a shimmering altar of Xom.
  6321 | D:7      | Found a hazy altar of Hepliaklqana.
  6338 | D:7      | XOM: enchant monster (good)
  6365 | D:7      | XOM: polymorph killer bee -> river rat
  6366 | D:7      | XOM: divine lightning
  6381 | D:7      | XOM: summons 9 friendly demons
  6386 | D:7      | Reached skill level 5 in Armour
  6624 | D:7      | XOM: god gift: +4 scimitar of chaos
  6709 | D:8      | XOM: give mutations
  6709 | D:8      | Lost mutation: You are agile. (Dex +2) [Xom's mischief]
  6709 | D:8      | Gained mutation: Your body sometimes deteriorates upon
                  | taking damage. [Xom's mischief]
  6709 | D:8      | Lost mutation: Your muscles are strong. (Str +2) [Xom's
                  | mischief]
  6778 | D:8      | Found Ulyaqagio's Antique Weapon Shop.
  6843 | D:8      | Reached XP level 10. HP: 80/80 MP: 17/17
  6860 | D:8      | Found Nura's Weapon Shoppe.
  7083 | D:8      | Found Zeurucw's Magic Scroll Shop.
  7096 | D:8      | XOM: polymorph orc wizard -> swamp drake
  7129 | D:8      | Found Romaex's Antique Armour Boutique.
  7130 | D:8      | XOM: give mutation
  7130 | D:8      | Gained mutation: Armour fits poorly on your strangely
                  | shaped body. [Xom's mischief]
  7137 | D:8      | Found Moad's Magic Scroll Boutique.
  7193 | D:8      | XOM: noise
  7219 | D:8      | XOM: chaos cloud
  7223 | D:8      | Paralysed by you for 6 turns
  7373 | D:8      | Noticed a skeletal warrior
  7387 | D:8      | XOM: swap monsters
  7390 | D:8      | XOM: give mutations
  7390 | D:8      | Gained mutation: You are clumsy. (Dex -2) [Xom's mischief]
  7390 | D:8      | Gained mutation: You are dopey. (Int -2) [Xom's mischief]
  7390 | D:8      | Lost mutation: Your spells are harder to cast, but more
                  | powerful. [Xom's mischief]
  7390 | D:8      | Gained mutation: You are very dopey. (Int -4) [Xom's
                  | mischief]
  7410 | D:8      | XOM: noise
  7421 | D:8      | XOM: confuse monster(s)
  7424 | D:8      | XOM: enchant monster (bad)
  7429 | D:8      | HP: 2/82 [skeletal warrior/+1 broad axe of freezing (3)]
  7437 | D:8      | Reached skill level 5 in Dodging
  7437 | D:8      | Reached skill level 5 in Spellcasting
  7450 | D:8      | Killed a skeletal warrior
  7768 | D:9      | Reached skill level 5 in Short Blades
  7886 | D:9      | Reached skill level 1 in Evocations
  7913 | D:9      | XOM: summons friendly crimson imp
  7967 | D:9      | XOM: polymorph crimson imp -> shadow imp
  8121 | D:9      | XOM: summons friendly quasit
  8128 | D:9      | Found Guing's Weapon Shoppe.
  8130 | D:9      | Reached XP level 11. HP: 80/89 MP: 19/19
  8185 | D:9      | XOM: 8-stop teleportation journey
  8319 | D:9      | XOM: confuse monster(s)
  8379 | D:9      | XOM: summons 4 hostile demons
  8408 | D:9      | Learned a level 1 spell: Pain
  8474 | D:9      | Found a staircase to the Lair.
  8522 | D:9      | XOM: give mutations
  8522 | D:9      | Gained mutation: You occasionally shout uncontrollably at
                  | your foes. [Xom's mischief]
  8522 | D:9      | Gained mutation: You are frail. (-10% HP) [Xom's mischief]
  8829 | Lair:1   | Entered Level 1 of the Lair of Beasts
  8926 | Lair:1   | XOM: enchant monster (good)
  9402 | Lair:2   | XOM: enchant monster (bad)
  9439 | Lair:2   | Found a staircase to the Swamp.
  9448 | Lair:2   | XOM: give mutations
  9448 | Lair:2   | Lost mutation: Your movements are slightly less encumbered
                  | by armour. (ER -2) [Xom's mischief]
  9448 | Lair:2   | Lost mutation: Your natural rate of healing is unusually
                  | fast. [Xom's mischief]
  9448 | Lair:2   | Lost mutation: Your spells are a little harder to cast, but
                  | a little more powerful. [Xom's mischief]
  9448 | Lair:2   | Lost mutation: Armour fits poorly on your strangely shaped
                  | body. [Xom's mischief]
  9459 | Lair:2   | XOM: give mutations
  9459 | Lair:2   | Lost mutation: You are very dopey. (Int -4) [Xom's
                  | mischief]
  9459 | Lair:2   | Gained mutation: You are very clumsy. (Dex -4) [Xom's
                  | mischief]
  9459 | Lair:2   | Lost mutation: You are dopey. (Int -2) [Xom's mischief]
  9476 | Lair:2   | XOM: silly message
  9512 | Lair:2   | XOM: divination: magic mapping
  9513 | Lair:2   | XOM: enchant monster (good)
  9528 | Lair:1   | XOM: enchant monster (bad)
  9778 | Lair:1   | XOM: chaos cloud
  9779 | Lair:1   | XOM: noise
  9780 | Lair:1   | Paralysed by you for 2 turns
  9819 | Lair:2   | XOM: confusion
  9826 | Lair:2   | XOM: summons 6 hostile demons
  9837 | Lair:2   | XOM: summons 5 friendly demons
  9852 | Lair:2   | Reached skill level 10 in Fighting
  9928 | Lair:2   | Reached skill level 5 in Necromancy
  9928 | Lair:2   | Reached skill level 5 in Evocations
  9940 | Lair:2   | XOM: 1-stop teleportation journey
  9946 | Lair:2   | XOM: potion effect (curing)
 10069 | Lair:2   | XOM: silly message
 10106 | Lair:2   | Noticed a catoblepas
 10128 | Lair:2   | Killed a catoblepas
 10129 | Lair:2   | Reached XP level 12. HP: 39/87 MP: 21/21
 10154 | Lair:2   | XOM: noise
 10295 | Lair:2   | XOM: silly message
 10310 | Lair:2   | XOM: cloud trail
 10405 | Lair:2   | XOM: cast spell 'Olgreb's Toxic Radiance'
 10661 | Lair:2   | XOM is BORED!
 10665 | Lair:2   | Noticed a seven-headed hydra
 10794 | Lair:2   | Killed a seven-headed hydra
 10795 | Lair:2   | Reached skill level 10 in Stealth
 10927 | Lair:2   | XOM: 11-stop teleportation journey
 11129 | Lair:2   | XOM: god gift: plate armour {god gift}
 11661 | Lair:3   | Learned a level 3 spell: Teleport Other
 12027 | Lair:4   | XOM: noise
 12030 | Lair:4   | Found a staircase to the Snake Pit.
 12052 | Lair:4   | XOM: enchant monster (good)
 12053 | Lair:4   | XOM: summons friendly crimson imp
 12055 | Lair:4   | HP: 4/88 [poisoned by a cane toad]
 12057 | Lair:4   | HP: 1/88 [poisoned by a cane toad]
 12058 | Lair:4   | Slain by a cane toad

Illustrated notes

Levels and vault maps discovered:
D:1:      evilmike_arrival_fibonacci_small, layout_loops_ring
D:2:      layout_rooms, uniq_crazy_yiuf_cottage
D:3:      layout_loops_ring, shapermc_ecumenical_altar_hornbeckon
D:4:      layout_loops_ring, minitemple, temple_hall,
          hangedman_abyss_or_decor_passed, minmay_diced_spiral
D:5:      layout_basic, trog_ov_bears_minmay, st_stairs_7, nrook_mini_backslash,
          patterned_corridor
D:6:      layout_cave_pools
D:7:      layout_rooms, nicolae_overflow_hallway_of_the_gods, uniq_harold
D:8:      layout_gridville, serial_shops, shop, shop, nicolae_shop_crystal,
          shop, shop, minmay_misc_feat_alley, minmay_pinched_square
D:9:      layout_rooms, erik_lair_dragon, serial_shops, nicolae_stop_n_shop_2
Temple:   compressed_dpeg_triangle_lava_temple
Lair:1:   layout_cave_shapes
Lair:2:   layout_small_grid, minmay_swamp_entry_reptiles, lemuel_fruit_tree,
          grunt_megastairs_5, infiniplex_staircase_pool
Lair:3:   layout_roguey, grunt_megastairs_1
Lair:4:   layout_cave_pods, dummy_snake_entry, chequers_serial_rivers_marsh,
          beast_lair_carwin_11

Skill      XL: |  1  2  3  4  5  6  7  8  9 10 11 12 |
---------------+-------------------------------------+-----
Dodging        | 1 2 3 4 5 6 |  6.4
Armour         | 2 3 4 5 6 |  6.8
Spellcasting   | 1 2 3 4 5 6 |  6.0
Stealth        | 1 2 3 6 8 9 10 | 10.1
Short Blades   | 1 2 3 4 5 6 |  6.2
Fighting       | 4 5 6 8 9 10 | 10.5
Necromancy     | 1 2 3 5 |  5.4
Evocations     | 2 5 |  5.8
Long Blades    | |  2.9
Translocations | |  0.1

Action                   |  1- 3 |  4- 6 |  7- 9 | 10-12 || total
-------------------------+-------+-------+-------+-------++-------
Melee: Dagger            |    46 |       |       |       ||    46
       Falchion          |     4 |       |       |     6 ||    10
       Kick              |    10 |    26 |    39 |   147 ||   222
       Short sword       |    15 |   113 |   261 |   374 ||   763
       Punch             |       |     2 |     3 |     9 ||    14
Throw: Javelin           |     2 |     2 |       |       ||     4
       Dart              |       |     1 |       |       ||     1
 Cast: Pain              |       |       |       |     3 ||     3
Evoke: Wand              |       |       |     5 |     3 ||     8
  Use: Scroll            |     1 |       |     7 |    10 ||    18
       Potion            |       |       |     3 |     6 ||     9
 Stab: Sleeping          |     1 |     6 |     6 |     5 ||    18
       Paralysed         |       |       |     2 |     1 ||     3
       Distracted        |       |       |     3 |     2 ||     5
Armor: Leather armour    |    26 |     1 |       |       ||    27
       Ring mail         |       |    62 |   158 |    24 ||   244
       Plate armour      |       |       |       |    41 ||    41
       Acid dragon scale |       |       |       |    86 ||    86
Dodge: Dodged            |    47 |    71 |   189 |   223 ||   530
